 Dungeon Crawl Stone Soup version 0.30-a0-49-g1cef19eb02 (webtiles) character file.

Game seed: 3375699838465010635

1350 Therru the Cleaver (level 8, -6/71 HPs)
             Began as a Minotaur Berserker on Sept 1, 2022.
             Was a Priest of Trog.
             Mangled by an orc warrior
             ... wielding a +1 vorpal halberd
              (10 damage)
             ... on level 5 of the Dungeon on Sept 2, 2022.
             The game lasted 00:21:17 (5081 turns).

Therru the Cleaver (Minotaur Berserker)             Turns: 5081, Time: 00:21:18

Health: -6/71      AC: 12    Str: 24    XL:     8   Next: 36%
Magic:  7/7        EV: 11    Int:  4    God:    Trog [***...]
Gold:   196        SH:  0    Dex: 10    Spells: 7/7 levels left

rFire   + + .      SeeInvis .    a - +0 hand axe
rCold   x . .      Faith    .    (no shield)
rNeg    . . .      Spirit   .    C - +2 fire dragon scales
rPois   .          Reflect  .    (helmet restricted)
rElec   .          Harm     .    (no cloak)
rCorr   .          Rampage  .    (no gloves)
Will    .....                    (no boots)
Stlth   ..........               (no amulet)
HPRegen 0.21/turn                (no ring)
MPRegen 0.10/turn                (no ring)

@: on berserk cooldown, slowed, very slow
A: horns 2, retaliatory headbutt
a: Renounce Religion, Berserk, Trog's Hand


You were on level 5 of the Dungeon.
You worshipped Trog.
Trog was most pleased with you.
You visited 1 branch of the dungeon, and saw 5 of its levels.

You collected 307 gold pieces.
You spent 111 gold pieces at shops.

Inventory:

Hand Weapons
 a - a +0 hand axe (weapon)
 c - a +2 short sword of draining
Armour
 b - a +0 animal skin
 n - a +0 leather armour
 q - a +0 ring mail
 t - a +0 plate armour
 A - a +0 barding
 C - +2 fire dragon scales (worn)
Jewellery
 o - an amulet of regeneration
Scrolls
 d - a scroll of enchant armour {unknown}
 e - a scroll of immolation {unknown}
 f - a scroll of identify
 i - a scroll of noise {unknown}
 j - 3 scrolls of silence {unknown}
 l - 2 scrolls of fear {unknown}
 m - 3 scrolls of blinking {unknown}
 p - a scroll of vulnerability {unknown}
 r - 2 scrolls of magic mapping {unknown}
 v - 2 scrolls of poison {unknown}
 y - a scroll of torment {unknown}
 B - 2 scrolls of teleportation {unknown}
 D - a scroll of enchant weapon {unknown}
Potions
 h - 3 potions of curing
 k - a potion of attraction {unknown}
 s - a potion of might {unknown}
 u - 2 potions of flight
 w - a potion of mutation {unknown}
 x - a potion of berserk rage {unknown}
 z - a potion of lignification {unknown}


   Skills:
 + Level 6.7 Fighting
 * Level 8.6 Axes
 + Level 5.8 Armour
 + Level 5.3 Dodging


You had 7 spell levels left.
You didn't know any spells.
Your spell library was empty.

Dungeon Overview and Level Annotations

Branches:
Dungeon (5/15)
 Temple: D:4-7

Altars:
Kikubaaqudgha
Trog
Xom
Yredelemnul
Zin

Shops:
D:4 :*(


Innate Abilities, Weirdness & Mutations

You have a pair of horns on your head.
You reflexively headbutt those who attack you in melee.


Message History

Your Dodging skill increases to level 5!
You barely miss Flugkiller's ghost.
Your headbutt misses Flugkiller's ghost.
Flugkiller's ghost is moderately damaged.
You closely miss Flugkiller's ghost. You headbutt Flugkiller's ghost.
Flugkiller's ghost is heavily damaged.
Flugkiller's ghost barely misses you. The orc warrior barely misses you.
You slash Flugkiller's ghost!
Flugkiller's ghost is heavily damaged.
You hit Flugkiller's ghost.
Flugkiller's ghost is severely damaged.
Flugkiller's ghost hits you but does no damage.
The orc warrior barely misses you.
You slash Flugkiller's ghost! You headbutt Flugkiller's ghost.
Flugkiller's ghost is almost destroyed.
The orc warrior hits you from afar with a +1 vorpal halberd!
Flugkiller's ghost hits you but does no damage.
You slash Flugkiller's ghost!
You destroy Flugkiller's ghost!
Trog accepts your kill. The orc warrior misses you.
You slash the orc warrior!
The orc warrior is moderately wounded.
You are no longer berserk.
You are exhausted.
You feel yourself slow down. The orc warrior closely misses you.
You hit the orc warrior but do no damage.
Your headbutt misses the orc warrior.
The orc warrior is moderately wounded.
The orc warrior hits you with a +1 vorpal halberd!
You are too injured to fight recklessly!
You are too injured to fight recklessly!
The orc warrior hits you from afar with a +1 vorpal halberd.
The orc warrior hits you from afar with a +1 vorpal halberd!
* * * LOW HITPOINT WARNING * * *
x2 The orc warrior throws a boomerang.
The boomerang closely misses you.
The orc warrior hits you from afar with a +1 vorpal halberd!
* * * LOW HITPOINT WARNING * * *
x2 The orc warrior hits you from afar with a +1 vorpal halberd!
You die...

#.#....................#.......#
#.#..#########...#..#######)####
#.#..#.......#..##.....# #.#
#.#..#...?$..#.....###.# #.#
#....#.#...#.#..#..# #.# #.####
##...#..#.#..#.....# #.# #.....
##..#.#...#.#..##.###.## #####.
#..#...$...#..##......# #.
#..#.......#.@...###..# #!
#..###'''###..#### #..# #.
#..........o..# #..# ##
#.........†...######..######
#....##########............#
#.#### #.####.>####.# #.# #.#
##..# #.# #.# #.# #)..# #.#
#.###### #.# #.#.# #.#


You could see an orc warrior.

Vanquished Creatures
  The ghost of Flugkiller the Chopper, an amateur MiFi (D:5)
  Menkaure (D:4)
  Duvessa (D:5)
  A black bear (D:5)
  An ogre (D:3)
  A phantom (D:5)
  A necrophage (D:4)
  A scorpion (D:5)
  Dowan (D:5)
  A howler monkey (D:5)
  3 hounds (D:5)
  An orc priest (D:3)
  An iguana (D:5)
  Jessica (D:2)
  2 orc wizards (D:5)
  A scorpion zombie (D:4)
  A hound skeleton (D:4)
  9 adders
  A white imp (D:5)
  An adder skeleton (D:4)
  2 worms (D:3)
  4 dart slugs
  14 orcs
  3 endoplasms
  7 goblins
  6 hobgoblins
  4 jackals
  3 quokkas
  5 ball pythons
  8 bats
  2 frilled lizards (D:2)
  9 kobolds
  9 rats
107 creatures vanquished.

Notes
Turn   | Place    | Note
-------+----------+-------------------------------------------
     0 | D:1      | Therru the Minotaur Berserker began the quest for the Orb.
     0 | D:1      | Reached XP level 1. HP: 19/19 MP: 0/0
   205 | D:1      | Found a faded altar of an unknown god.
   261 | D:1      | Reached XP level 2. HP: 27/27 MP: 1/1
   338 | D:1      | Reached skill level 4 in Axes
   749 | D:2      | Reached ** piety under Trog
   802 | D:2      | Reached XP level 3. HP: 33/33 MP: 2/2
   971 | D:2      | Upgraded the game from 0.30-a0-46-g5a63ccc183 to
                  | 0.30-a0-49-g1cef19eb02
  1058 | D:2      | Reached XP level 4. HP: 41/41 MP: 3/3
  1269 | D:2      | Noticed Jessica
  1286 | D:2      | Killed Jessica
  1375 | D:2      | Reached skill level 5 in Axes
  1646 | D:3      | Reached XP level 5. HP: 40/47 MP: 4/4
  1947 | D:3      | Found a glowing silver altar of Zin.
  1947 | D:3      | Found a shimmering altar of Xom.
  1947 | D:3      | Noticed an angel
  2862 | D:4      | Noticed an ogre
  2862 | D:4      | Found Nitol's Assorted Antiques.
  2862 | D:4      | Found Rycin's Book Shoppe.
  2875 | D:3      | Killed an ogre
  2876 | D:3      | Reached skill level 5 in Fighting
  2876 | D:3      | Reached XP level 6. HP: 50/56 MP: 5/5
  2972 | D:4      | Reached *** piety under Trog
  3117 | D:4      | Bought a scroll labelled CUABUB FEIQO for 24 gold pieces
  3117 | D:4      | Bought a red potion for 21 gold pieces
  3117 | D:4      | Bought a purple potion for 21 gold pieces
  3117 | D:4      | Bought a scroll labelled VICOSU REFYK for 24 gold pieces
  3117 | D:4      | Bought a purple potion for 21 gold pieces
  3179 | D:4      | Found a transporter.
  3181 | D:4      | Found a transporter.
  3187 | D:4      | Noticed Menkaure
  3187 | D:4      | Found a basalt altar of Yredelemnul.
  3187 | D:4      | Found an ancient bone altar of Kikubaaqudgha.
  3193 | D:4      | Killed Menkaure
  3194 | D:4      | Reached skill level 6 in Axes
  3540 | D:4      | Reached XP level 7. HP: 55/61 MP: 6/6
  3755 | D:4      | Found Bafavvoe's Weapon Boutique.
  3984 | D:5      | Entered Level 5 of the Dungeon
  4038 | D:5      | Reached skill level 7 in Axes
  4167 | D:5      | Noticed Duvessa
  4193 | D:5      | Killed Duvessa
  4194 | D:5      | Reached skill level 5 in Armour
  4195 | D:5      | Noticed Dowan
  4225 | D:5      | HP: 3/63 [Dowan/shard of ice (8)]
  4229 | D:5      | Killed Dowan
  4510 | D:5      | Reached XP level 8. HP: 67/70 MP: 7/7
  4563 | D:5      | Found a bloodstained altar of Trog.
  4737 | D:5      | Found a runed translucent gate.
  4737 | D:5      | Found a runed translucent gate.
  4739 | D:5      | Noticed Flugkiller's ghost (amateur MiFi)
  4740 | D:5      | Found a runed translucent gate.
  5063 | D:5      | Reached skill level 8 in Axes
  5069 | D:5      | Reached skill level 5 in Dodging
  5074 | D:5      | Killed Flugkiller's ghost
  5081 | D:5      | Mangled by an orc warrior

Illustrated notes

Levels and vault maps discovered:
D:1:      dpeg_arrival_ratfight, layout_basic, shapermc_ecumenical_altar_pompeii
D:2:      layout_rooms, uniq_jessica
D:3:      layout_loops_corners, grunt_temple_overflow_order_and_chaos_1,
          dreamdust_mushroom_princess, nicolae_figureground_sparkle
D:4:      layout_cave_pools, gammafunk_temple_of_torment, serial_shops, shop,
          kennysheep_mini, shop_statue
D:5:      layout_loops_ring, bloody_trog, gammafunk_ghost_split,
          minmay_strange_pillars, fountainhead, uniq_duvessa

Skill      XL: |  1  2  3  4  5  6  7  8 |
---------------+-------------------------+-----
Fighting       | 4 5 6 |  6.7
Axes           | 4 5 6 7 8 |  8.6
Armour         | 3 4 5 |  5.8
Dodging        | 3 4 5 |  5.3

Action                   |  1- 3 |  4- 6 |  7- 9 || total
-------------------------+-------+-------+-------++-------
Melee: Hand axe          |    78 |    99 |   102 ||   279
       Headbutt          |     7 |    15 |    17 ||    39
       Punch             |     1 |     1 |     3 ||     5
Invok: Berserk           |     2 |     2 |     2 ||     6
       Trog's Hand       |       |     3 |     1 ||     4
  Use: Scroll            |       |       |     4 ||     4
       Potion            |       |       |     1 ||     1
Armor: Animal skin       |    11 |       |       ||    11
       Ring mail         |     6 |     8 |       ||    14
       Leather armour    |     2 |       |       ||     2
       Plate armour      |       |    41 |       ||    41
       Fire dragon scale |       |     3 |    44 ||    47
Dodge: Dodged            |    47 |    35 |    48 ||   130

Table legend: (Time is in decaauts)
 A = Elapsed time spent in this place.
 B = Non-inter-level travel time spent in this place.
 C = Inter-level travel time spent in this place.
 D = Time resting spent in this place.
 E = Time spent auto-exploring this place.
 F = Levels seen in this place.
 G = Mean time per level.
                   A        B        C        D        E       F      G
               +--------+--------+--------+--------+--------+-----+--------+
         Total |   5127 |   4973 |    154 |   1185 |   2764 |   5 | 1025.4 |
       Dungeon |   5127 |   4973 |    154 |   1185 |   2764 |   5 | 1025.4 |
               +--------+--------+--------+--------+--------+-----+--------+

Top non-repeatable levels by time:
     D:3: 1351 daAuts
     D:4: 1137 daAuts
     D:5: 1097 daAuts
     D:2: 830 daAuts
     D:1: 711 daAuts
